 Dungeon Crawl Stone Soup version 0.29.1-15-g9cfb28693d (webtiles) character file.

Game seed: 4563717360626884771

209 Achh the Chopper (level 6, 0/48 HPs)
             Began as a Human Fighter on Mar 15, 2023.
             Was a Believer of Dithmenos.
             Slain by a gnoll
             ... wielding a +0 spear
             ... led by a gnoll bouda
              (7 damage)
             ... on level 3 of the Dungeon.
             The game lasted 00:09:41 (3497 turns).

Achh the Chopper (Human Fighter)                    Turns: 3497, Time: 00:09:42

Health: 0/48       AC:  9    Str: 18    XL:     6   Next: 12%
Magic:  6/6        EV:  9    Int:  9    God:    Dithmenos [**....]
Gold:   42         SH:  0    Dex: 12    Spells: 5/5 levels left

rFire   . . .      SeeInvis .   a - +0 war axe
rCold   . . .      Faith    .   (no shield)
rNeg    . . .      Spirit   .   b - +0 scale mail
rPois   .          Reflect  .   m - +0 helmet
rElec   .          Harm     .   (no cloak)
rCorr   .          Rampage  .   h - +0 pair of gloves
Will    .....                   (no boots)
Stlth   ..........              (no amulet)
HPRegen 0.16/turn               (no ring)
MPRegen 0.10/turn               (no ring)

@: wreathed by umbra
A: no striking features
a: Renounce Religion, Shadow Step


You were on level 3 of the Dungeon.
You worshipped Dithmenos.
Dithmenos was pleased with you.
You visited 1 branch of the dungeon, and saw 3 of its levels.

You collected 42 gold pieces.

Inventory:

Hand Weapons
 a - a +0 war axe (weapon)
Armour
 b - a +0 scale mail (worn)
 c - a +0 buckler
 h - a +0 pair of gloves (worn)
 m - a +0 helmet (worn)
 r - an orb of light
Jewellery
 f - a ring of fire
Scrolls
 i - a scroll of identify {unknown}
 k - a scroll of magic mapping {unknown}
 l - a scroll of immolation {unknown}
 n - a scroll of butterflies {unknown}
 o - a scroll of amnesia {unknown}
 q - a scroll of vulnerability {unknown}
Potions
 d - a potion of might
 e - a potion of attraction {unknown}
 g - 2 potions of lignification {unknown}
 j - a potion of berserk rage {unknown}
 p - a potion of curing {unknown}


   Skills:
 + Level 3.8 Fighting
 + Level 4.1 Axes
 + Level 3.8 Armour
 + Level 0.5 Dodging
 + Level 0.1 Stealth
 + Level 3.6 Shields


You had 5 spell levels left.
You didn't know any spells.
Your spell library contained the following spells:

 Spells                   Type           Power      Damage    Failure   Level
 Portal Projectile        Hex/Tloc       0%         N/A       98%         3
 Tukima's Dance           Hex            0%         N/A       98%         3
 Blade Hands              Tmut           0%         N/A       100%        5


Dungeon Overview and Level Annotations

Branches:
Dungeon (3/15)

Altars:
Dithmenos
Hepliaklqana
Xom

Shops:
D:3 !


Message History

The gnoll bouda is severely wounded.
You hit the gnoll. You barely miss the gnoll. The gnoll misses you.
The gnoll hits you from afar with a +0 spear.
The gnoll bouda calls upon its god to heal the gnoll.
The gnoll is healed somewhat.
The gnoll hits you with a +0 flail!
You slash the gnoll bouda!
You kill the gnoll bouda!
Dithmenos accepts your kill.
You slash the gnoll! x2
The gnoll hits you from afar with a +0 spear.
The gnoll hits you but does no damage. x2; The gnoll barely misses you.
Your Axes skill increases to level 4!
You have reached level 6!
You slash the gnoll!
You kill the gnoll!
Dithmenos accepts your kill.
You hit the gnoll.
You kill the gnoll!
Dithmenos accepts your kill. The gnoll misses you.
The gnoll hits you from afar with a +0 spear.
Items here: )) [ ††.
The gnoll hits you but does no damage.
Found 3 stones.
The gnoll hits you with a +0 spear.
You hit the gnoll but do no damage.
The gnoll is no longer moving quickly.
The gnoll hits you but does no damage.
You closely miss the gnoll. The gnoll hits you with a +0 spear!
* * * LOW HITPOINT WARNING * * *
The gnoll misses you.
You hit the gnoll.
The gnoll is lightly wounded.
The gnoll hits you with a +0 spear.
* * * LOW HITPOINT WARNING * * *
You hit the gnoll.
The gnoll is moderately wounded.
The gnoll barely misses you.
You closely miss the gnoll.
The gnoll is moderately wounded.
The gnoll hits you with a +0 spear!
You die...

##<.......[....#.#...
...#######..##.#)#..#
.#.....###..##.#.#..#
....................#
.####.#####...⌠.⌠..#
......# #.#....∩...#
......# #.#.#.⌠)⌠..#
#####.###.#....)...###.(
#.........##.@.......
####..###....###g...###.
.............# #....#
.............# #.>.....
#.....<.##...# #.?.####
#............# #...#
#............# #...#
.......###...# #....
#.....## ..


You could see a gnoll.

Vanquished Creatures
  Jessica (D:2)
  A gnoll bouda (D:3)
  Robin (D:2)
  3 adders (D:2)
  3 gnolls (D:3)
  4 dart slugs
  8 endoplasms
  2 giant cockroaches (D:1)
  14 goblins
  7 hobgoblins
  11 jackals
  4 quokkas (D:1)
  5 ball pythons
  5 bats
  2 frilled lizards
  4 kobolds
  4 rats (D:1)
79 creatures vanquished.

Notes
Turn   | Place    | Note
-------+----------+-------------------------------------------
     0 | D:1      | Achh the Human Fighter began the quest for the Orb.
     0 | D:1      | Reached XP level 1. HP: 18/18 MP: 1/1
    29 | D:1      | Found a faded altar of an unknown god.
   188 | D:1      | Reached XP level 2. HP: 13/24 MP: 2/2
   412 | D:1      | Reached XP level 3. HP: 22/29 MP: 3/3
   518 | D:1      | You fall into a shaft and drop 1 floor!
  1171 | D:1      | Prayed at the altar of an unknown god.
  1171 | D:1      | Became a worshipper of Dithmenos the Shadowed
  1171 | D:1      | Reached * piety under Dithmenos
  1324 | D:1      | Reached XP level 4. HP: 35/35 MP: 4/4
  1822 | D:2      | Noticed Robin
  1828 | D:2      | Reached skill level 3 in Axes
  1830 | D:2      | Reached ** piety under Dithmenos
  1837 | D:2      | Killed Robin
  2188 | D:2      | Noticed Jessica
  2194 | D:2      | Killed Jessica
  2195 | D:2      | Reached XP level 5. HP: 15/41 MP: 5/5
  3156 | D:3      | Found a shimmering altar of Xom.
  3158 | D:3      | Found a hazy altar of Hepliaklqana.
  3159 | D:3      | Noticed a spectral ugly thing
  3476 | D:3      | Found Ogell's Distillery.
  3489 | D:3      | Reached skill level 4 in Axes
  3489 | D:3      | Reached XP level 6. HP: 23/48 MP: 6/6
  3497 | D:3      | Slain by a gnoll

Illustrated notes

Levels and vault maps discovered:
D:1:      dpeg_arrival_line_fractal, layout_loops_ring,
          nicolae_ecumenical_lake_church, roderic_serpentine_path
D:2:      layout_basic, uniq_robin, uniq_jessica
D:3:      lemuel_castle_with_subvaults [lemuel_castle_interior_original],
          layout_basic, regret_index_temple_of_mockery,
          mainiacjoe_overflow_catwalk, serial_shops, shop_fountains,
          serial_corexii_hall, chequers_hall_statues_corner_a,
          corexii_hall_statues_l, kennysheep_pointless_box

Skill      XL: |  1  2  3  4  5 |
---------------+----------------+-----
Axes           | 3 4 |  4.1
Fighting       | |  3.8
Armour         | |  3.8
Dodging        | |  0.5
Stealth        | |  0.1
Shields        | |  3.6

Action                   |  1- 3 |  4- 6 || total
-------------------------+-------+-------++-------
Melee: War axe           |    79 |   102 ||   181
  Use: Potion            |       |     1 ||     1
Armor: Scale mail        |    38 |    51 ||    89
Dodge: Dodged            |    41 |    84 ||   125
Block: Buckler           |    19 |    21 ||    40
